 Dungeon Crawl Stone Soup version 0.22-a0-183-g9e71ff9 (webtiles) character file.

39 Avernum the Cutter (level 3, 23/29 HPs)
             Began as a Mummy Berserker on Feb 14, 2018.
             Was a Believer of Trog.
             Quit the game on level 1 of the Dungeon.
             The game lasted 00:02:27 (812 turns).

Avernum the Cutter (Mummy Berserker)                 Turns: 812, Time: 00:02:27

Health: 23/29      AC:  5    Str: 20    XL:     3   Next: 26%
Magic:  3/3        EV: 11    Int:  6    God:    Trog [**....]
Gold:   52         SH:  0    Dex: 12    Spells: 2/2 levels left

rFire    x . .     SeeInvis .   a - +0 short sword
rCold    + . .     Gourm    .   (no shield)
rNeg     + + +     Faith    .   e - +0 ring mail (curse)
rPois    ∞         Spirit   .   (no helmet)
rElec    .         Reflect  .   (no cloak)
rCorr    .         Harm     .   (no gloves)
MR       .....                  (no boots)
Stlth    +.........             (no amulet)
HPRegen  0.09/turn              (no ring)
MPRegen  0.08/turn              (no ring)

@: no status effects
A: no food or potions, fire vulnerability, cold resistance 1, negative energy
resistance 3, torment resistance, unbreathing
a: Trog's Hand, Burn Spellbooks, Renounce Religion


You were on level 1 of the Dungeon.
You worshipped Trog.
Trog was pleased with you.
You were not hungry.

You visited 1 branch of the dungeon, and saw 1 of its levels.

You collected 52 gold pieces.

Inventory:

Hand Weapons
 a - a +0 short sword (weapon)
Armour
 b - a +0 animal skin
 e - a cursed +0 ring mail (worn)
Scrolls
 c - 2 scrolls of enchant weapon {unknown}
 d - 4 scrolls of identify {unknown}
 f - 2 scrolls of amnesia {unknown}


   Skills:
 - Level 3.0 Fighting
 * Level 3.6 Short Blades
 - Level 1.5 Armour
 - Level 1.5 Dodging


You had 2 spell levels left.
You didn't know any spells.

Dungeon Overview and Level Annotations

Branches:
Dungeon (1/15)

Altars:


Innate Abilities, Weirdness & Mutations

You do not eat or drink.
Your flesh is vulnerable to fire.
You are immune to poison.
Your flesh is cold resistant. (rC+)
You are immune to negative energy. (rN+++)
You are immune to unholy pain and torment.
You can survive without breathing.


Message History

The leopard gecko is almost dead.
The leopard gecko bites you.
You hit the leopard gecko.
You kill the leopard gecko!
Trog accepts your kill.
Things that are here:
a leopard gecko corpse; a kobold corpse
Found a mace.
A kobold comes into view.
The kobold shouts!
A kobold is nearby!
You closely miss the kobold. The kobold misses you.
You hit the kobold.
The kobold is moderately wounded.
The kobold closely misses you.
You hit the kobold.
You kill the kobold!
Trog accepts your kill.
A dart slug comes into view.
Are you sure you want to abandon this character and quit the game? (Confirm with "yes".)

#.# #.##.. #.# #.###.#### #.#
#.#...# #.# #†#.##### ### #.#
#.#.##.. ..# #.# #.#.##.# #.#
#.# #.#.##.###w####.###.#
####)# #.#.#(..............#
#...). #.#(#..# #@# #.##.#
#!.#.).###.####.### #.##÷#
#.###†...#........## #.##..
##.#.#.#.######.)..## #.##..
#.##.#.######.....#######.##..
## #.#........................
#..............##.####.#.##
###########...## #.#>.. #.##
#.####


You could see a dart slug (wandering).

Vanquished Creatures
  A dart slug (D:1)
  2 leopard geckos (D:1)
  3 bats (D:1)
  A giant cockroach (D:1)
  6 goblins (D:1)
  A hobgoblin (D:1)
  6 jackals (D:1)
  7 kobolds (D:1)
  A frilled lizard (D:1)
  3 rats (D:1)
31 creatures vanquished.

Notes
Turn   | Place    | Note
-------+----------+-------------------------------------------
     0 | D:1      | Avernum the Mummy Berserker began the quest for the Orb.
     0 | D:1      | Reached XP level 1. HP: 18/18 MP: 1/1
    99 | D:1      | Reached XP level 2. HP: 13/24 MP: 2/2
   618 | D:1      | Reached XP level 3. HP: 29/29 MP: 3/3
   777 | D:1      | Reached ** piety under Trog
   812 | D:1      | Quit the game

Vault maps used:
D:1:      tarquinn_simple_flora_water_d

Skill      XL: |  1  2 |
---------------+-------+-----
Short Blades   | 3 |  3.6
Fighting       | |  3.0
Armour         | |  1.5
Dodging        | |  1.5

Action                   || total
-------------------------++-------
Melee: Short sword       ||   118
Armor: Ring mail         ||    36
Dodge: Dodged            ||    88

Table legend:
 A = Spawn XP
 B = Non-spawn XP
 C = Spawn XP percentage of total XP
 D = Spawn monster count
 E = Non-spawn monster count
 F = Spawn count percentage of total count
 G = Total turns spent on level
                    A         B        C        D         E        F      G
               +---------+---------+-------+---------+---------+-------+---------
         Total |       0 |      56 |   0.0 |       0 |      31 |   0.0 |   812
               +---------+---------+-------+---------+---------+-------+---------
           D:1 |       0 |      56 |   0.0 |       0 |      31 |   0.0 |   812
               +---------+---------+-------+---------+---------+-------+---------
